 Dungeon Crawl Stone Soup version 0.13.1-19-g4b9377e (webtiles) character file.

1529 Flaco the Cleaver (level 8, -4/59 HPs)
             Began as a Hill Orc Enchanter on Oct 27, 2013.
             Was a Follower of Beogh.
             Slain by an ogre
             ... wielding a +0,+0 giant club
              (21 damage)
             ... on Level 5 of the Dungeon on Dec 20, 2013.
             The game lasted 00:18:41 (6586 turns).

Flaco the Cleaver (Hill Orc Enchanter)              Turns: 6586, Time: 00:18:42

HP  -4/59        AC 16     Str 11      XL: 8   Next: 53%
MP  12/12        EV  2     Int 15      God: Beogh [*.....]
Gold 259         SH  0     Dex 13      Spells:  1 memorised,  8 levels left

Res.Fire  : . . .   See Invis. : .   i - +2,+1 orc war axe
Res.Cold  : + . .   Warding    : .   l - +0 orc plate armour
Life Prot.: . . .   Conserve   : .   (no shield)
Res.Poison: .       Res.Corr.  : .   (no helmet)
Res.Elec. : .       Clarity    : .   (no cloak)
Sust.Abil.: . .     Spirit.Shd : .   a - +0 pair of gauntlets
Res.Mut.  : .       Stasis     : .   (no boots)
Res.Rott. : .       Flight     : .   (no amulet)
Saprovore : + . .                    (no ring)
                                     (no ring)

@: slightly resistant to hostile enchantments, extremely unstealthy
A: cold resistance 1, saprovore 1
a: Renounce Religion


You were on level 5 of the Dungeon.
You worshipped Beogh.
Beogh was aware of your devotion.
You were not hungry.

You visited 1 branch of the dungeon, and saw 6 of its levels.

You collected 239 gold pieces.


Innate Abilities, Weirdness & Mutations

You can tolerate rotten meat.
Your flesh is cold resistant.


   Skills:
 - Level 2.1 Fighting
   Level 1.0 Short Blades
 + Level 8.9 Axes
 - Level 1.0 Throwing
 + Level 7.5 Armour
 - Level 1.5 Dodging
 - Level 1.5 Stealth
 - Level 1.0 Spellcasting
 - Level 3.0 Hexes


You had 8 spell levels left.
You knew the following spells:

 Your Spells              Type           Power        Failure   Level  Hunger
a - Corona                Hex            #......      100%        1    ##.....

Inventory:

Hand weapons
 i - a +2,+1 orcish war axe (weapon)
   (You took it off an orc warrior on level 3 of the Dungeon)
Missiles
 r - 6 javelins (quivered)
Armour
 a - a +0 pair of gauntlets (worn)
   (You found it on level 3 of the Dungeon)
 l - a +0 orcish plate armour (worn)
   (You took it off an orc warrior on level 3 of the Dungeon)
Magical devices
 n - a wand of flame (6) {unknown}
   (You found it on level 5 of the Dungeon)
 p - a wand of slowing (13) {unknown}
   (You found it on level 2 of the Dungeon)
Comestibles
 f - a meat ration
 g - an apple
 k - 8 bread rations
 u - 3 chunks of giant frog flesh
Scrolls
 b - 3 scrolls of enchant armour {unknown}
 j - a scroll of random uselessness
 m - a scroll of teleportation
 o - a scroll of fear
 s - a scroll of magic mapping
Jewellery
 e - an uncursed amulet of faith
   (You found it on level 2 of the Dungeon)
Potions
 d - a potion of flight
 h - a potion of curing
 q - a potion of magic
 t - a potion of poison {unknown}
Books
 c - a book of Maledictions

   Spells                             Type                      Level
   *Corona                            Hexes                        1
   Sure Blade                         Hexes/Charms                 2
   Ensorcelled Hibernation            Hexes/Ice                    2
   Confuse                            Hexes                        3
   Enslavement                        Hexes                        4
   Invisibility                       Hexes                        6


Message History

An ogre is nearby!
An ogre is nearby!
A jelly comes into view.
A slave comes into view.
The slave shouts!
There is a stone staircase leading up here.
The ogre hits you with a giant club!
* * * LOW HITPOINT WARNING * * *
You climb upwards.
Level annotation: Chiseanne's ghost, experienced MfFi
There is a stone staircase leading down here.
You hit the ogre.
The ogre is lightly wounded.
The ogre barely misses you.
You slash the ogre!
The ogre is heavily wounded.
You hit the ogre but do no damage.
The ogre is heavily wounded.
The ogre hits you with a giant club!
You die...

########## #........#
#........#
#........##########
#.......@O........#
########..##.####.#
####....# ##>#..###
##<#....# ##### ####..#.##
....# #######..#..#
....#######....##..##.###.#
....'.....'....'..........#


You could see an ogre.

Vanquished Creatures
  Monster Symbol All ' '
  The ghost of BoredOne the Vexing, an average KoEn (D:4)
1 creature vanquished. All 'F' 2 giant frogs (D:6)
2 creatures vanquished. All 'I' A sky beast (D:4)
1 creature vanquished. All 'J' 2 oozes
2 creatures vanquished. All 'K' 5 kobolds
5 creatures vanquished. All 'M' Menkaure (D:5)
1 creature vanquished. All 'S' 5 adders 3 ball pythons
8 creatures vanquished. All 'Z' A troll zombie (D:6) 2 ogre zombies (D:6)
3 creatures vanquished. All 'a' 2 worker ants
2 creatures vanquished. All 'b' 9 bats
9 creatures vanquished. All 'g' 3 gnolls (D:4) 6 goblins 5 hobgoblins
14 creatures vanquished. All 'h' A hound (D:4) 12 jackals
13 creatures vanquished. All 'l' An iguana (D:4) A giant gecko (D:3) 4 giant newts
6 creatures vanquished. All 'o' An orc warrior (D:3) 4 orc wizards 13 orcs
18 creatures vanquished. All 'p' 3 phantoms
3 creatures vanquished. All 'r' 3 quokkas 8 rats
11 creatures vanquished. All 's' 3 giant cockroaches
3 creatures vanquished. All 'w' 3 worms
3 creatures vanquished. All 'z' A wight (D:6) A giant gecko zombie (D:5) A hobgoblin skeleton (D:6) 2 hobgoblin zombies (D:6) 4 orc zombies (D:6)
9 creatures vanquished.
114 creatures vanquished. Monster Nature Uniques Menkaure (D:5)
1 creature vanquished. Natural Monsters A sky beast (D:4) An orc warrior (D:3) The ghost of BoredOne the Vexing, an average KoEn (D:4) 2 giant frogs (D:6) A hound (D:4) 4 orc wizards An iguana (D:4) 2 worker ants 5 adders 3 gnolls (D:4) 3 worms A giant gecko (D:3) 2 oozes 13 orcs 9 bats 3 giant cockroaches 6 goblins 5 hobgoblins 12 jackals 3 ball pythons 4 giant newts 5 kobolds 3 quokkas 8 rats
98 creatures vanquished. Undead Monsters 3 phantoms A wight (D:6) A troll zombie (D:6) 2 ogre zombies (D:6) A giant gecko zombie (D:5) A hobgoblin skeleton (D:6) 2 hobgoblin zombies (D:6) 4 orc zombies (D:6)
15 creatures vanquished.
114 creatures vanquished. Ascending Order Menkaure (D:5) A sky beast (D:4) An orc warrior (D:3) The ghost of BoredOne the Vexing, an average KoEn (D:4) A wight (D:6) A troll zombie (D:6) A hound (D:4) An iguana (D:4) A giant gecko (D:3) A hobgoblin skeleton (D:6) A giant gecko zombie (D:5) 2 giant frogs (D:6) 2 worker ants 2 ogre zombies (D:6) 2 oozes 2 hobgoblin zombies (D:6) 3 phantoms 3 gnolls (D:4) 3 worms 3 giant cockroaches 3 quokkas 3 ball pythons 4 orc wizards 4 orc zombies (D:6) 4 giant newts 5 adders 5 hobgoblins 5 kobolds 6 goblins 8 rats 9 bats 12 jackals 13 orcs
114 creatures vanquished. ----------------------------------------

Vanquished Creatures (others)
  Monster Symbol All 'Z'
  An ogre zombie (D:6)
1 creature vanquished. All 'o' An orc priest (D:6)
1 creature vanquished. All 'z' 2 goblin zombies (D:6) 2 hobgoblin skeletons (D:6) 2 orc skeletons (D:6) An orc zombie (D:6)
7 creatures vanquished.
9 creatures vanquished. Monster Nature Natural Monsters An orc priest (D:6)
1 creature vanquished. Undead Monsters An ogre zombie (D:6) 2 goblin zombies (D:6) 2 hobgoblin skeletons (D:6) 2 orc skeletons (D:6) An orc zombie (D:6)
8 creatures vanquished.
9 creatures vanquished. Ascending Order An orc priest (D:6) An ogre zombie (D:6) An orc zombie (D:6) 2 hobgoblin skeletons (D:6) 2 orc skeletons (D:6) 2 goblin zombies (D:6)
9 creatures vanquished. ----------------------------------------

Grand Total: 123 creatures vanquished

Notes
Turn   | Place    | Note
--------------------------------------------------------------
     0 | D:1      | Flaco, the Hill Orc Enchanter, began the quest for the Orb.
     0 | D:1      | Reached XP level 1. HP: 14/14 MP: 3/3
    65 | D:1      | Reached skill level 1 in Fighting
   194 | D:1      | Upgraded the game from 0.13.0-21-ge43020b to 0.13.1-19-g4b9377e
   245 | D:1      | Reached XP level 2. HP: 20/20 MP: 4/4
   891 | D:2      | Reached skill level 1 in Armour
  1221 | D:2      | Reached skill level 1 in Axes
  1221 | D:2      | Reached XP level 3. HP: 15/26 MP: 5/5
  1910 | D:3      | Noticed an orc warrior
  2097 | D:2      | Reached XP level 4. HP: 15/34 MP: 7/7
  2730 | D:2      | Paralysed by a potion of paralysis for 4 turns
  2781 | D:3      | Reached skill level 3 in Axes
  3020 | D:4      | Noticed BoredOne's ghost (average KoEn)
  3239 | D:3      | Reached skill level 3 in Armour
  3239 | D:3      | Reached XP level 5. HP: 20/39 MP: 8/8
  3405 | D:3      | Killed an orc warrior
  3405 | D:3      | Reached skill level 4 in Axes
  3653 | D:3      | Reached XP level 6. HP: 28/46 MP: 9/9
  4068 | D:5      | Entered Level 5 of the Dungeon
  4269 | D:5      | Noticed Menkaure
  4282 | D:5      | Killed Menkaure
  4282 | D:5      | Reached skill level 5 in Axes
  4287 | D:5      | Noticed Chiseanne's ghost (experienced MfFi)
  4717 | D:6      | Reached skill level 5 in Armour
  4749 | D:6      | Found a staircase to the Orcish Mines.
  4751 | D:6      | Noticed a hill giant zombie
  4752 | D:6      | Noticed a hill giant zombie
  4754 | D:6      | Became a worshipper of Beogh the Brigand
  4925 | D:4      | Gained mutation: Your flesh is cold resistant. [potion of beneficial mutation]
  4940 | D:4      | Killed BoredOne's ghost
  4940 | D:4      | Reached skill level 6 in Axes
  4940 | D:4      | Reached XP level 7. HP: 23/51 MP: 10/10
  5647 | D:4      | Noticed a sky beast
  5661 | D:4      | Killed a sky beast
  5661 | D:4      | Reached skill level 7 in Axes
  5661 | D:4      | Reached skill level 6 in Armour
  5859 | D:4      | Found a staircase to the Ecumenical Temple.
  5884 | D:4      | Noticed a phantom
  5901 | D:4      | Killed a phantom
  6267 | D:6      | Acquired Beogh's first power
  6267 | D:6      | Reached XP level 8. HP: 24/59 MP: 12/12
  6301 | D:6      | Reached skill level 8 in Axes
  6586 | D:5      | Slain by an ogre

Vault maps used:
D:1:      lemuel_entry_broad_hall, minmay_hedge_maze
D:3:      first_bread
D:4:      lemuel_elevator, minmay_temple_entry_hall, roderic_st_hans_cross,
          bh_walls_and_bars
D:5:      lemuel_elevator, water_maze_lemuel, uniq_crazy_yiuf_cottage,
          uniq_menkaure
D:6:      zombieorc2_lemuel, uniq_pikel

Action                   |  1- 3 |  4- 6 |  7- 9 || total
-------------------------+-------+-------+-------++-------
Melee: Dagger            |    50 |       |       ||    50
       Hand axe          |    80 |   127 |       ||   207
       War axe           |       |   102 |   185 ||   287
Invok: Convert to Beogh  |       |     1 |       ||     1
Evoke: Wand              |       |     4 |       ||     4
  Use: Scroll            |    10 |     2 |     5 ||    17
       Potion            |       |     6 |     3 ||     9
